 Dungeon Crawl Stone Soup version 0.19-a0-1672-g679cadd (webtiles) character file.

599 JustSomeDude the Poker (level 7, -6/54 HPs)
             Began as a Demonspawn Fighter on Sept 20, 2016.
             Mangled by an ogre
             ... wielding a +0 giant club
              (18 damage)
             ... on level 3 of the Dungeon on Sept 22, 2016.
             The game lasted 00:10:19 (2534 turns).

JustSomeDude the Poker (Demonspawn Fighter)         Turns: 2534, Time: 00:10:19

Health: -6/54      AC:  9    Str: 19    XL:     7   Next: 17%
Magic:  7/7        EV: 11    Int:  9    God:
Gold:   123        SH:  9    Dex: 12    Spells: 0 memorised, 6 levels left

rFire  . . .     SeeInvis .     a - +0 trident
rCold  . . .     Gourm    .     b - +0 scale mail
rNeg   . . .     Faith    .     c - +0 shield
rPois  .         Spirit   .     p - +0 helmet
rElec  .         Dismiss  .     (no cloak)
rCorr  .         Reflect  .     t - +0 pair of gloves
MR     .....     Harm     +     (no boots)
Stlth  +.........               o - amulet of harm
                                (no ring)
                                (no ring)

@: no status effects
A: repulsion field 2, nightstalker 1
a: no special abilities


You were on level 3 of the Dungeon.
You were not hungry.

You visited 1 branch of the dungeon, and saw 4 of its levels.

You collected 123 gold pieces.

Inventory:

Hand Weapons
 a - a +0 trident (weapon)
Armour
 b - a +0 scale mail (worn)
 c - a +0 shield (worn)
 p - a +0 helmet (worn)
 t - a +0 pair of gloves (worn)
Jewellery
 o - an amulet of harm (around neck)
 s - an uncursed ring of fire {unknown}
 v - an uncursed ring of fire {unknown}
Wands
 w - a wand of disintegration (12/24)
Scrolls
 e - 2 scrolls of blinking {unknown}
 i - a scroll of enchant weapon {unknown}
 j - a scroll of enchant armour {unknown}
 l - 2 scrolls of identify {unknown}
 m - a scroll of amnesia {unknown}
 q - a scroll of immolation {unknown}
 r - a scroll of fear {unknown}
Potions
 h - 2 potions of degeneration {unknown}
 k - a potion of heal wounds {unknown}
 n - a potion of agility {unknown}
Comestibles
 d - 3 chunks of flesh
 f - 2 bread rations
 g - 2 meat rations


   Skills:
 + Level 4.0 Fighting
 + Level 4.5 Polearms
 + Level 3.9 Armour
 + Level 2.6 Dodging
 + Level 4.0 Shields


You had 6 spell levels left.
You didn't know any spells.

Dungeon Overview and Level Annotations

Branches:
Dungeon (4/15)
 Temple: D:4-7

Altars:
Zin

Shops:
D:4 *(


Innate Abilities, Weirdness & Mutations

You are surrounded by a moderate repulsion field. (EV +3)
You are slightly more attuned to the shadows.


Message History

There is a stone staircase leading down here.
You hit the gnoll.
The gnoll is moderately wounded.
You block the gnoll's attack. The ogre hits you with a giant club!
The gnoll closely misses you. The gnoll barely misses you.
The gnoll hits you but does no damage.
You hit the gnoll but do no damage.
The gnoll is moderately wounded.
The gnoll barely misses you. The ogre closely misses you.
You block the gnoll's attack. The gnoll hits you but does no damage.
Your shield and scale mail prevent you from hitting the gnoll.
The gnoll is moderately wounded.
The gnoll hits you with a club. You block the ogre's attack.
The gnoll hits you with a club! The gnoll hits you with a halberd.
* * * LOW HITPOINT WARNING * * *
You puncture the gnoll!
You kill the gnoll!
Your Shields skill increases to level 4!
You block the gnoll's attack. The ogre hits you with a giant club!
You die...

....# #.........#
..### #.........#
..# ##.........#
>.# ##...#.######
#.# ###..###.#
..####...####.##
#......#...#...##
#.###....>.....g##
#.###..........O@#
#.##...........)g#
.................#
#..#.##.........##
#....###...#...##
....############
......# ......#
#.#...#


You could see an ogre and 2 gnolls.

Vanquished Creatures
  The ghost of Shenda the Spear-Bearer, an amateur MfGl (D:3)
  An ogre (D:3)
  3 orc priests (D:3)
  2 worker ants
  A hound zombie (D:3)
  6 gnolls
  2 adders
  2 worms
  A dart slug (D:3)
  A leopard gecko (D:3)
  12 orcs (D:3)
  7 bats
  A giant cockroach (D:3)
  12 hobgoblins
  2 jackals (D:3)
  3 frilled lizards
  9 goblins
  6 kobolds
  A leopard gecko skeleton (D:4)
  5 rats
78 creatures vanquished.

Notes
Turn   | Place    | Note
-------+----------+-------------------------------------------
     0 | D:1      | JustSomeDude the Demonspawn Fighter began the quest for the Orb.
     0 | D:1      | Reached XP level 1. HP: 18/18 MP: 1/1
   290 | D:1      | Gained mutation: You are surrounded by a mild repulsion field. (EV +2) [demonic ancestry]
   290 | D:1      | Reached XP level 2. HP: 22/24 MP: 2/2
   916 | D:2      | Gained mutation: You are slightly more attuned to the shadows. [demonic ancestry]
   916 | D:2      | Reached XP level 3. HP: 25/29 MP: 3/3
   994 | D:2      | Gained mutation: You are surrounded by a moderate repulsion field. (EV +3) [demonic ancestry]
   994 | D:2      | Reached XP level 4. HP: 15/35 MP: 4/4
  1196 | D:3      | Found a glowing silver altar of Zin.
  1197 | D:3      | Noticed an angel
  1246 | D:3      | Reached XP level 5. HP: 11/41 MP: 5/5
  1448 | D:3      | Noticed Shenda's ghost (amateur MfGl)
  1648 | D:3      | Reached skill level 1 in Dodging
  1658 | D:3      | Upgraded the game from 0.19-a0-1654-g9d3f708 to 0.19-a0-1672-g679cadd
  1874 | D:3      | Noticed an ogre
  1879 | D:3      | Killed an ogre
  1879 | D:3      | Reached XP level 6. HP: 36/48 MP: 6/6
  1999 | D:3      | Killed Shenda's ghost
  1999 | D:3      | Reached XP level 7. HP: 9/53 MP: 7/7
  2098 | D:4      | Found Ohameoce's Weapon Shoppe.
  2272 | D:4      | Found Uwkat's Assorted Antiques.
  2534 | D:3      | Mangled by an ogre

Vault maps used:
D:1:      dpeg_arrival_short_road
D:3:      zin_angel
D:4:      led_sif_pool, serial_shops, kennysheep_mini, shop,
          nicolae_shop_window_shopping, nicolae_shop_waterfront,
          nicolae_shop_waterfront, first_bread

Skill      XL: |  1  2  3  4  5  6  7 |
---------------+----------------------+-----
Armour         | 3 |  3.9
Shields        | 3 4 |  4.0
Polearms       | 2 3 4 |  4.5
Dodging        | 2 |  2.6
Fighting       | 4 |  4.0

Action                   |  1- 3 |  4- 6 |  7- 9 || total
-------------------------+-------+-------+-------++-------
Melee: Trident           |   109 |   170 |    34 ||   313
  Use: Potion            |     1 |     1 |       ||     2
  Eat: Chunk             |       |     4 |     2 ||     6
Armor: Scale mail        |    32 |    66 |    14 ||   112
Dodge: Dodged            |    35 |    73 |    12 ||   120
Block: Shield            |    39 |    88 |    18 ||   145
